3L
MONTANA PANDAS @ SEATTLE ROCKETEERS
08/23/2042
 
TOP OF THE 1ST
Montana Pandas batting - Pitching for Seattle Rocketeers : LHP Virgil Dickerson
Pitching: LHP Virgil Dickerson
Batting: RHB Tony Randolph 0-0: Called Strike
0-1: Swinging Strike
0-2: Strikes out swinging
Batting: RHB Jon Moon 0-0: Foul Ball, location: 2F
0-1: Foul Ball, location: 2F
0-2: Strikes out swinging
Batting: RHB Edgar Baeza 0-0: Called Strike
0-1: Called Strike
0-2: Ball
1-2: Foul Ball, location: 2F
1-2: Ground out 6-3 (Groundball, 6, EV 108.1 MPH)
Top of the 1st over - 0 runs, 0 hits, 0 errors, 0 left on base; Montana 0 - Seattle 0
BOTTOM OF THE 1ST
Seattle Rocketeers batting - Pitching for Montana Pandas : LHP Pavle Simic
Pitching: LHP Pavle Simic
Batting: RHB Axel Ruschmeyer 0-0: Ground out 6-3 (Groundball, 4MS, EV 69.4 MPH)
Batting: RHB Jur Prokop 0-0: Ball
1-0: Ball
2-0: Ball
3-0: Called Strike
3-1: Base on Balls
Batting: RHB Jason Slaybaugh 0-0: Ball
1-0: Called Strike
1-1: Ball
2-1: Foul Ball, location: 2F
2-2: Grounds into double play, 4-6-3 (Groundball, 4, EV 84.4 MPH)
Bottom of the 1st over - 0 runs, 0 hits, 0 errors, 0 left on base; Montana 0 - Seattle 0
TOP OF THE 2ND
Montana Pandas batting - Pitching for Seattle Rocketeers : LHP Virgil Dickerson
Batting: SHB Gerrie Bond 0-0: Called Strike
0-1: Ball
1-1: Foul Ball, location: 2F
1-2: Strikes out swinging
Batting: LHB Bharti Mona 0-0: Ground out 4-3 (Groundball, 4, EV 79.4 MPH)
Batting: LHB António Casas 0-0: Fly out, F7 (Flyball, 7, EV 95.6 MPH)
Top of the 2nd over - 0 runs, 0 hits, 0 errors, 0 left on base; Montana 0 - Seattle 0
BOTTOM OF THE 2ND
Seattle Rocketeers batting - Pitching for Montana Pandas : LHP Pavle Simic
Batting: RHB Gah-fat Liu 0-0: Foul Ball, location: 2F
0-1: Ball
1-1: Ball
2-1: Swinging Strike
2-2: Foul Ball, location: 2F
2-2: Foul Ball, location: 2F
2-2: Ball
3-2: SOLO HOME RUN (Flyball, 78XD, EV 96.9 MPH), Distance : 397 ft
Batting: RHB Alain Grosjean 0-0: Called Strike
0-1: Swinging Strike
0-2: Foul Ball, location: 2F
0-2: Strikes out swinging
Batting: RHB Mathew Mayo 0-0: Ball
1-0: Called Strike
1-1: Foul Ball, location: 2F
1-2: Ball
2-2: Foul Ball, location: 2F
2-2: Foul Ball, location: 2F
2-2: Foul Ball, location: 2F
2-2: Ball
3-2: Foul Ball, location: 2F
3-2: Strikes out swinging
Batting: RHB Guy Toussaint 0-0: Ball
1-0: Fly out, F5 (Popup, 5SF, EV 81.9 MPH)
Bottom of the 2nd over - 1 run, 1 hit, 0 errors, 0 left on base; Montana 0 - Seattle 1
TOP OF THE 3RD
Montana Pandas batting - Pitching for Seattle Rocketeers : LHP Virgil Dickerson
Batting: RHB Holden Ford 0-0: Fly out, F5 (Popup, 5L, EV 66.2 MPH)
Batting: RHB José Santos 0-0: Swinging Strike
0-1: Ball
1-1: Ground out 5-3 (Groundball, 5S, EV 90.0 MPH)
Batting: LHB Dean Jackson 0-0: Foul Ball, location: 2F
0-1: Ball
1-1: DOUBLE (Groundball, 3L, EV 103.8 MPH)
Batting: RHB Tony Randolph 0-0: Ball
1-0: Foul Ball, location: 2F
1-1: Ball
2-1: Ball
3-1: Fly out, F7 (Flyball, 7, EV 90.0 MPH)
Top of the 3rd over - 0 runs, 1 hit, 0 errors, 1 left on base; Montana 0 - Seattle 1
BOTTOM OF THE 3RD
Seattle Rocketeers batting - Pitching for Montana Pandas : LHP Pavle Simic
Batting: SHB Lodd Felton 0-0: Foul Ball, location: 2F
0-1: Ball
1-1: Called Strike
1-2: Ball
2-2: Ball
3-2: Foul Ball, location: 2F
3-2: SINGLE (Groundball, 6MD, EV 98.1 MPH)
Batting: LHB Carlos Gabriel 0-0: Ball
1-0: Swinging Strike
1-1: Foul Ball, location: 2F
1-2: SINGLE (Groundball, 34D, EV 95.6 MPH)
Lodd Felton to second
Runner from 2nd tries for 3rd, SAFE, throw by RF made to third
Batting: RHB Axel Ruschmeyer 0-0: Fly out, F7 (Flyball, 78D, EV 91.9 MPH)
Runner from 3rd tags up, SCORES, no throw by LF
Batting: RHB Jur Prokop 0-0: Swinging Strike
0-1: Ball
1-1: Grounds into double play, 4-6-3 (Groundball, 34, EV 80.6 MPH)
Bottom of the 3rd over - 1 run, 2 hits, 0 errors, 0 left on base; Montana 0 - Seattle 2
TOP OF THE 4TH
Montana Pandas batting - Pitching for Seattle Rocketeers : LHP Virgil Dickerson
Batting: RHB Jon Moon 0-0: Called Strike
0-1: Ground out 5-3 (Groundball, 56, EV 88.1 MPH)
Batting: RHB Edgar Baeza 0-0: Ball
1-0: Foul Ball, location: 2F
1-1: Ball
2-1: Foul Ball, location: 2F
2-2: Foul Ball, location: 2F
2-2: Strikes out swinging
Batting: SHB Gerrie Bond 0-0: SINGLE (Groundball, 5D, EV 95.6 MPH)
Batting: LHB Bharti Mona 0-0: Ball
1-0: Ball
2-0: Called Strike
2-1: Ball
3-1: Base on Balls
Gerrie Bond to second
Batting: LHB António Casas 0-0: Foul Ball, location: 2F
0-1: Swinging Strike
0-2: Ball
1-2: Strikes out swinging
Top of the 4th over - 0 runs, 1 hit, 0 errors, 2 left on base; Montana 0 - Seattle 2
BOTTOM OF THE 4TH
Seattle Rocketeers batting - Pitching for Montana Pandas : LHP Pavle Simic
Batting: RHB Jason Slaybaugh 0-0: Called Strike
0-1: Ball
1-1: Foul Ball, location: 2F
1-2: Strikes out swinging
Batting: RHB Gah-fat Liu 0-0: Foul Ball, location: 2F
0-1: SINGLE (Groundball, 4MD, EV 98.8 MPH)
Batting: RHB Alain Grosjean 0-0: Ball
1-0: Ball
2-0: Foul Ball, location: 2F
2-1: Foul Ball, location: 2F
2-2: SINGLE (Groundball, 6MD, EV 101.9 MPH)
Gah-fat Liu to second
Runner from 2nd tries for 3rd, SAFE, throw by CF made to third
Batting: RHB Mathew Mayo 0-0: Ball
1-0: Grounds into double play, 4-6-3 (Groundball, 4M, EV 101.9 MPH)
Bottom of the 4th over - 0 runs, 2 hits, 0 errors, 1 left on base; Montana 0 - Seattle 2
TOP OF THE 5TH
Montana Pandas batting - Pitching for Seattle Rocketeers : LHP Virgil Dickerson
Batting: RHB Holden Ford 0-0: Ball
1-0: Ball
2-0: Called Strike
2-1: Swinging Strike
2-2: Strikes out looking
Batting: RHB José Santos 0-0: Called Strike
0-1: Ball
1-1: Swinging Strike
1-2: Foul Ball, location: 2F
1-2: Foul Ball, location: 2F
1-2: Strikes out looking
Batting: LHB Dean Jackson 0-0: Foul Ball, location: 2F
0-1: Ball
1-1: Foul Ball, location: 2F
1-2: Ball
2-2: Ball
3-2: Ground out 4-3 (Groundball, 4, EV 104.4 MPH)
Top of the 5th over - 0 runs, 0 hits, 0 errors, 0 left on base; Montana 0 - Seattle 2
BOTTOM OF THE 5TH
Seattle Rocketeers batting - Pitching for Montana Pandas : LHP Pavle Simic
Batting: RHB Guy Toussaint 0-0: Foul Ball, location: 2F
0-1: Called Strike
0-2: Ball
1-2: Ball
2-2: Foul Ball, location: 2F
2-2: Ball
3-2: Foul Ball, location: 2F
3-2: Base on Balls
Batting: SHB Lodd Felton 0-0: Ball
1-0: Bunted foul
1-1: Sac Bunt to 2R - play at first, batter OUT! 2-4
Guy Toussaint to second
Batting: LHB Carlos Gabriel 0-0: Ball
1-0: Ball
2-0: Ground out 4-3 (Groundball, 4, EV 103.1 MPH)
Guy Toussaint to third
Batting: RHB Axel Ruschmeyer 0-0: Ball
Wild Pitch!
Guy Toussaint scores
1-0: Reached on error, E4 (Groundball, 34, EV 98.1 MPH)
Pitching: RHP Salvador Sagastizabal
Batting: RHB Jur Prokop 0-0: Hit by Pitch
Batting: RHB Jason Slaybaugh 0-0: Called Strike
0-1: Swinging Strike
0-2: Foul Ball, location: 2F
0-2: Foul Ball, location: 2F
0-2: Foul Ball, location: 2F
0-2: Strikes out swinging
Bottom of the 5th over - 1 run, 0 hits, 1 error, 2 left on base; Montana 0 - Seattle 3
TOP OF THE 6TH
Montana Pandas batting - Pitching for Seattle Rocketeers : LHP Virgil Dickerson
Batting: RHB Tony Randolph 0-0: Foul Ball, location: 2F
0-1: Called Strike
0-2: Ball
1-2: Ball
2-2: Ball
3-2: Base on Balls
Batting: RHB Jon Moon 0-0: Ball
1-0: Ground out 4-3 (Groundball, 4, EV 105.6 MPH)
Tony Randolph to second
Batting: RHB Edgar Baeza 0-0: Foul Ball, location: 2F
0-1: Foul Ball, location: 2F
0-2: Strikes out swinging
Batting: SHB Gerrie Bond 0-0: SINGLE (Line Drive, 78M, EV 103.8 MPH)
Tony Randolph to third
Batting: LHB Bharti Mona 0-0: SINGLE (Line Drive, 7LS, EV 98.1 MPH)
Tony Randolph scores
Gerrie Bond to second
Batting: LHB António Casas 0-0: Ball
Balk!
Gerrie Bond to third
Bharti Mona to second
1-0: Ball
2-0: Foul Ball, location: 2F
2-1: Fly out, F7 (Line Drive, 7, EV 99.4 MPH)
Top of the 6th over - 1 run, 2 hits, 0 errors, 2 left on base; Montana 1 - Seattle 3
BOTTOM OF THE 6TH
Seattle Rocketeers batting - Pitching for Montana Pandas : RHP Salvador Sagastizabal
Batting: RHB Gah-fat Liu 0-0: Ball
1-0: Called Strike
1-1: Swinging Strike
1-2: Ball
2-2: Ball
3-2: Base on Balls
Batting: RHB Alain Grosjean 0-0: Called Strike
0-1: 2-RUN HOME RUN (Flyball, 89XD, EV 105.0 MPH), Distance : 366 ft
Batting: RHB Mathew Mayo 0-0: Called Strike
0-1: Called Strike
0-2: DOUBLE (Line Drive, 3D, EV 98.8 MPH)
Batting: RHB Guy Toussaint 0-0: Ball
1-0: Swinging Strike
1-1: Fly out, F8 (Flyball, 8LS, EV 75.6 MPH)
Batting: SHB Lodd Felton 0-0: Foul Ball, location: 2F
0-1: Foul Ball, location: 2F
0-2: Ball
1-2: Ball
2-2: Fly out, F9 (Flyball, 9S, EV 85.0 MPH)
Batting: LHB Carlos Gabriel 0-0: Ball
1-0: Foul Ball, location: 2F
1-1: Ball
2-1: Foul Ball, location: 2F
2-2: Foul Ball, location: 2F
2-2: Ball
3-2: Strikes out swinging
Bottom of the 6th over - 2 runs, 2 hits, 0 errors, 1 left on base; Montana 1 - Seattle 5
TOP OF THE 7TH
Montana Pandas batting - Pitching for Seattle Rocketeers : LHP Virgil Dickerson
Batting: RHB Holden Ford 0-0: Called Strike
0-1: Ground out 4-3 (Groundball, 4MD, EV 84.4 MPH)
Batting: RHB José Santos 0-0: Foul Ball, location: 2F
0-1: Swinging Strike
0-2: Ball
1-2: Fly out, F9 (Line Drive, 9, EV 95.6 MPH)
Batting: LHB Dean Jackson 0-0: Ball
1-0: Called Strike
1-1: Ball
2-1: DOUBLE (Flyball, 8RXD, EV 101.2 MPH)
Batting: RHB Tony Randolph 0-0: Called Strike
0-1: Ball
1-1: Called Strike
1-2: Fly out, F4 (Popup, 4M, EV 76.2 MPH)
Top of the 7th over - 0 runs, 1 hit, 0 errors, 1 left on base; Montana 1 - Seattle 5
BOTTOM OF THE 7TH
Seattle Rocketeers batting - Pitching for Montana Pandas : RHP Salvador Sagastizabal
Batting: RHB Axel Ruschmeyer 0-0: Ball
1-0: Called Strike
1-1: Swinging Strike
1-2: Strikes out swinging
Batting: RHB Jur Prokop 0-0: Ball
1-0: Ball
2-0: Ball
3-0: Base on Balls
Pitching: RHP Morton Steele
Batting: RHB Jason Slaybaugh 0-0: Swinging Strike
0-1: Called Strike
Jur Prokop steals 2nd base
0-2: Ball
1-2: Strikes out swinging
Batting: RHB Gah-fat Liu 0-0: Foul Ball, location: 2F
0-1: Ball
1-1: Ball
2-1: Called Strike
2-2: Ball
3-2: Fly out, F7 (Flyball, 78M, EV 93.1 MPH)
Bottom of the 7th over - 0 runs, 0 hits, 0 errors, 1 left on base; Montana 1 - Seattle 5
TOP OF THE 8TH
Montana Pandas batting - Pitching for Seattle Rocketeers : LHP Virgil Dickerson
Batting: RHB Jon Moon 0-0: Fly out, F8 (Flyball, 78XD, EV 83.8 MPH)
Batting: RHB Edgar Baeza 0-0: Called Strike
0-1: Ball
1-1: Fly out, F9 (Flyball, 9D, EV 94.4 MPH)
Batting: SHB Gerrie Bond 0-0: Ground out U3 (Groundball, 34, EV 103.1 MPH)
Top of the 8th over - 0 runs, 0 hits, 0 errors, 0 left on base; Montana 1 - Seattle 5
BOTTOM OF THE 8TH
Seattle Rocketeers batting - Pitching for Montana Pandas : RHP Morton Steele
Batting: RHB Alain Grosjean 0-0: Swinging Strike
0-1: SINGLE (Flyball, 7S, EV 90.6 MPH)
Batting: RHB Mathew Mayo Pickoff Throw to First - Out! 1-3
0-0: Called Strike
0-1: Fly out, F8 (Flyball, 8RM, EV 71.2 MPH)
Batting: RHB Guy Toussaint 0-0: Called Strike
0-1: Ball
1-1: Ball
2-1: Ball
3-1: Called Strike
3-2: SINGLE (Line Drive, 3D, EV 93.8 MPH)
Pitching: LHP Gil Herrera
Batting: SHB Lodd Felton 0-0: Foul Ball, location: 2F
0-1: Ball
1-1: Ball
2-1: Swinging Strike
2-2: Fielders Choice at 2nd, 5-4 (Groundball, 56, EV 86.2 MPH)
Bottom of the 8th over - 0 runs, 2 hits, 0 errors, 1 left on base; Montana 1 - Seattle 5
TOP OF THE 9TH
Montana Pandas batting - Pitching for Seattle Rocketeers : LHP Virgil Dickerson
Pitching: RHP Wu-ti Xuan
Batting: LHB Bharti Mona 0-0: Ball
1-0: Ball
2-0: Ball
3-0: SINGLE (Line Drive, 78M, EV 92.5 MPH)
Batting: LHB António Casas 0-0: Ball
1-0: Swinging Strike
1-1: Ball
2-1: Foul Ball, location: 2F
2-2: Foul Ball, location: 2F
2-2: Ball
3-2: Strikes out swinging
Batting: RHB Holden Ford 0-0: Ball
1-0: Swinging Strike
1-1: Ground out U3 (Groundball, 34, EV 86.2 MPH)
Bharti Mona to second
Batting: RHB José Santos 0-0: Ball
1-0: Ball
2-0: Foul Ball, location: 2F
2-1: Swinging Strike
2-2: Fly out, F9 (Flyball, 9, EV 91.9 MPH)
Top of the 9th over - 0 runs, 1 hit, 0 errors, 1 left on base; Montana 1 - Seattle 5
Friday, March 26th, 2021 - OOTP Baseball 20.8 Build 74